 Dungeon Crawl Stone Soup version 0.20.0-15-g7f486f2 (webtiles) character file.

30 Chiseanne the Magician (level 3, 10/24 HPs)
             Began as a Demonspawn Wizard on June 14, 2017.
             Quit the game on level 1 of the Dungeon.
             The game lasted 00:01:18 (1135 turns).

Chiseanne the Magician (Demonspawn Wizard)          Turns: 1135, Time: 00:01:19

Health: 10/24      AC:  3    Str:  7    XL:     3   Next: 3%
Magic:  2/8        EV: 12    Int: 20    God:
Gold:   41         SH:  0    Dex: 11    Spells: 8/9 levels left

rFire    . . .     SeeInvis .   l - +0 spear
rCold    . . .     Gourm    .   (no shield)
rNeg     . . .     Faith    .   a - +0 robe
rPois    .         Spirit   .   b - +0 hat
rElec    .         Reflect  .   (no cloak)
rCorr    .         Harm     .   o - +0 pair of gloves
MR       .....                  (no boots)
Stlth    ++........             (no amulet)
Regen    0.1/turn               (no ring)
MPRegen  0.2/turn               (no ring)

@: no status effects
A: claws 1, spiny 1
a: no special abilities


You were on level 1 of the Dungeon.
You were hungry.

You visited 1 branch of the dungeon, and saw 1 of its levels.

You collected 41 gold pieces.

Inventory:

Hand Weapons
 f - a +0 dagger
 l - a +0 spear (weapon)
Missiles
 g - 42 stones (quivered)
Armour
 a - a +0 robe (worn)
 b - a +0 hat (worn)
 o - a +0 pair of gloves (worn)
Scrolls
 i - a scroll of identify {unknown}
 k - a scroll of magic mapping {unknown}
 p - a scroll of random uselessness {unknown}
Potions
 e - 2 potions of magic {unknown}
 h - 2 potions of lignification {unknown}
 j - a potion of brilliance {unknown}
 m - 2 potions of flight {unknown}
Books
 c - a book of Minor Magic

   Spells                             Type                      Level
   a - Magic Dart                     Conjuration                  1
   b - Blink                          Translocation                2
   c - Call Imp                       Summoning                    2
   d - Slow                           Hexes                        2
   e - Conjure Flame                  Conjuration/Fire             3
   f - Mephitic Cloud                 Conjuration/Poison/Air       3
Comestibles
 d - a bread ration
 n - a meat ration


   Skills:
 - Level 1.7 Dodging
 - Level 1.7 Stealth
 * Level 3.5 Spellcasting
 * Level 2.2 Conjurations
   Level 1.0 Summonings
   Level 0.8 Translocations


You had 8 spell levels left.
You knew the following spells:

 Your Spells              Type           Power        Failure   Level  Hunger
a - Magic Dart            Conj           ##..         5%          1    None


Dungeon Overview and Level Annotations

Branches:
Dungeon (1/15)

Altars:


Innate Abilities, Weirdness & Mutations

You have sharp fingernails.
You are partially covered in sharp spines.


Message History

Confirm with . or Enter, or press ? or * to list all spells.
Aiming: Magic Dart
Press: ? - help, Shift-Dir - straight line, f - leopard gecko
Aim: a leopard gecko (clinging, hasn't noticed you)
The magic dart hits the leopard gecko.
The leopard gecko is almost dead.
The leopard gecko hisses angrily.
Casting: Magic Dart
Confirm with . or Enter, or press ? or * to list all spells.
Aiming: Magic Dart
Press: ? - help, Shift-Dir - straight line, f/p - leopard gecko
Aim: a leopard gecko (almost dead, clinging)
The magic dart hits the leopard gecko.
You kill the leopard gecko!
You have reached level 3!
Your experience leads to an increase in your attributes!
Increase (S)trength, (I)ntelligence, or (D)exterity?
You feel clever.
Your demonic ancestry asserts itself...
Your fingernails lengthen.
Are you sure you want to abandon this character and quit the game? (Confirm with "yes".)

###########...[.........
....................####
###....#.........#
#.##.#....[....#
#.##.#.........#
#.##.#.........#
##.##.###########
#...#.######
#.#@.......#######
#.####..##.......## #.
.#.. #.....# .. ###..
#.....## #. .#.#
#....... #.# ##..#
#.....## #. ...# #.....#
#.##..####.#####..###
#.....†..#...........


There were no monsters in sight!

Vanquished Creatures
  4 dart slugs (D:1)
  A leopard gecko (D:1)
  2 bats (D:1)
  2 giant cockroaches (D:1)
  4 goblins (D:1)
  2 kobolds (D:1)
  A ball python (D:1)
  A frilled lizard (D:1)
  3 rats (D:1)
20 creatures vanquished.

Notes
Turn   | Place    | Note
-------+----------+-------------------------------------------
     0 | D:1      | Chiseanne the Demonspawn Wizard began the quest for the Orb.
     0 | D:1      | Reached XP level 1. HP: 13/13 MP: 4/4
   150 | D:1      | Gained mutation: You are partially covered in sharp spines. [demonic ancestry]
   150 | D:1      | Reached XP level 2. HP: 13/19 MP: 0/6
  1134 | D:1      | Gained mutation: You have sharp fingernails. [demonic ancestry]
  1134 | D:1      | Reached XP level 3. HP: 10/24 MP: 2/8
  1135 | D:1      | Quit the game

Skill      XL: |  1  2 |
---------------+-------+-----
Conjurations   | 2 |  2.2
Dodging        | |  1.7
Stealth        | |  1.7
Spellcasting   | |  3.5
Summonings     | |  1.0
Translocations | |  0.8

Action                   || total
-------------------------++-------
Melee: Unarmed           ||     1
       Spear             ||    47
       Dagger            ||    11
 Cast: Magic Dart        ||    19
 Stab: Sleeping          ||     1
Armor: Robe              ||    13
Dodge: Dodged            ||    37
